 Dungeon Crawl Stone Soup version 0.21-a0-536-gdbbf329 (webtiles) character file.

130 Firecrotchwizard the Poker (level 5, -3/38 HPs)
             Began as a Merfolk Skald on Dec 15, 2017.
             Slain by a gnoll
             ... wielding a +0 spear
              (6 damage)
             ... on level 2 of the Dungeon.
             The game lasted 00:07:52 (2498 turns).

Firecrotchwizard the Poker (Merfolk Skald)          Turns: 2498, Time: 00:07:53

Health: -3/38      AC:  5    Str: 11    XL:     5   Next: 13%
Magic:  4/8        EV: 11    Int: 13    God:
Gold:   82         SH:  0    Dex: 14    Spells: 2/8 levels left

rFire    . . .     SeeInvis .   x - +1 dagger (elec)
rCold    . . .     Gourm    .   (no shield)
rNeg     + . .     Faith    .   p - +0 ring mail
rPois    .         Spirit   .   (no helmet)
rElec    .         Reflect  .   (no cloak)
rCorr    .         Harm     .   (no gloves)
MR       .....                  (no boots)
Stlth    +.........             (no amulet)
HPRegen  0.12/turn              t - ring of positive energy {rN+}
MPRegen  0.11/turn              m - ring of wizardry {Wiz+, !d}

@: infused
A: change form in water, swift swim, stealthy swim
a: no special abilities


You were on level 2 of the Dungeon.
You were not hungry.

You visited 1 branch of the dungeon, and saw 3 of its levels.

You collected 82 gold pieces.

Inventory:

Hand Weapons
 a - a +0 spear
 x - a +1 dagger of electrocution (weapon)
   (You took it off a kobold on level 3 of the Dungeon)
Armour
 b - a +0 leather armour
 p - a +0 ring mail (worn)
   (You found it on level 1 of the Dungeon)
Magical Staves
 w - an uncursed staff of summoning {unknown}
   (You found it on level 3 of the Dungeon)
Jewellery
 l - an uncursed ring of flight {+Fly, !d}
   (You found it on level 1 of the Dungeon)
 m - a ring of wizardry (right hand) {Wiz+, !d}
   (You found it on level 1 of the Dungeon)
 t - a ring of positive energy (left hand) {rN+}
   (You found it on level 2 of the Dungeon)
Scrolls
 e - 2 scrolls of teleportation {unknown}
 j - 2 scrolls of identify {unknown}
 n - a scroll of fear {unknown}
 o - a scroll of remove curse {unknown}
 q - 2 scrolls of blinking {unknown}
 v - a scroll of enchant weapon {unknown}
Potions
 f - a potion of resistance {unknown}
 g - a potion of flight {unknown}
 i - a potion of curing
 r - a potion of magic {unknown}
 s - 2 potions of brilliance {unknown}
 u - a potion of heal wounds {unknown}
Books
 c - a book of Battle
Comestibles
 d - 3 bread rations {@e1}
 h - 2 meat rations {@e2}
 k - a fruit


   Skills:
 - Level 2.3 Fighting
 * Level 5.7 Polearms
 - Level 0.8 Armour
 - Level 2.8 Dodging
 - Level 2.1 Spellcasting
 + Level 1.0 Hexes
 + Level 4.2 Charms
 - Level 0.2 Translocations


You had 2 spell levels left.
You knew the following spells:

 Your Spells              Type           Power        Failure   Level  Hunger
a - Infusion              Chrm           ##..         4%          1    ##.....
s - Shroud of Golubria    Chrm/Tloc      #.........   16%         2    ###....
z - Spectral Weapon       Hex/Chrm       #.......     24%         3    ####...


Dungeon Overview and Level Annotations

Branches:
Dungeon (3/15)

Altars:

Annotations:
D:3 Terence; tarrrat's ghost, amateur KoBe


Message History

Terence says, "How do you enjoy it?"
A jackal comes into view.
The jackal misses you.
MP restored: 8 Health restored: 38 The jackal bites you but does no damage.
Your magical contamination has completely faded away.
You hit the jackal. The jackal bites you. The jackal completely misses you.
You take 2 damage, and have 36/38 hp.
You hit the jackal. Lightning courses through the jackal!
You kill the jackal!
The hobgoblin hits you but does no damage.
Terence hits you from afar with a trident of piercing.
You take 3 damage, and have 33/38 hp.
You hit the hobgoblin.
Lightning courses through the hobgoblin!
You kill the hobgoblin!
The giant cockroach closely misses you. Terence hits you but does no damage.
You hit the giant cockroach. The giant cockroach misses you.
The jackal misses you.
The giant cockroach bites you but does no damage.
The jackal bites you.
You take 1 damage, and have 33/38 hp.
You hit the jackal but do no damage.
The jackal bites you but does no damage.
Terence hits you from afar with a trident of piercing.
The giant cockroach barely misses you.
You take 4 damage, and have 29/38 hp.
The jackal bites you.
You take 2 damage, and have 27/38 hp.
You closely miss the jackal. The giant cockroach bites you.
The gnoll hits you from afar with a spear.
The jackal barely misses you. Terence barely misses you.
You take 7 damage, and have 20/38 hp.
The giant cockroach barely misses you. The jackal closely misses you.
Terence says, "Time to say good-bye..."
The jackal bites you but does no damage.
The giant cockroach misses you. The jackal misses you.
The gnoll hits you from afar with a spear.
There is a stone staircase leading up, spattered with blood here.
You take 5 damage, and have 16/38 hp.
The jackal bites you but does no damage.
The giant cockroach barely misses you.
The jackal bites you but does no damage.
The gnoll closely misses you. The gnoll barely misses you.
You climb upwards.
There is a stone staircase leading down here.
You barely miss the giant cockroach. The giant cockroach closely misses you.
The jackal barely misses you. The giant cockroach barely misses you.
You hit the jackal. Lightning courses through the jackal!
You kill the jackal!
Your Hexes skill increases to level 1!
The giant cockroach bites you but does no damage.
You barely miss the giant cockroach. The giant cockroach closely misses you.
You hit the giant cockroach but do no damage.
The giant cockroach bites you but does no damage.
You hit the giant cockroach but do no damage.
Lightning courses through the giant cockroach!
You kill the giant cockroach!
You see here a giant cockroach corpse.
You butcher the giant cockroach corpse.
z - a chunk of flesh {@w0} You start resting.
Eating a chunk of flesh {@w0}.
You eat the chunk of flesh {@w0}.
Health restored: 38
There is a stone staircase leading down here.
Sorry, you're not good enough to have a special ability.
Space distorts slightly along a thin shroud covering your body.
You now have 6/8 mp.
You begin infusing your attacks with magical energy.
You now have 5/8 mp.
You climb downwards.
Level annotation: Terence; tarrrat's ghost, amateur KoBe Your shroud begins to fray at the edges.
The gnoll hits you but does no damage. The gnoll hits you with a spear. x2
The gnoll barely misses you.
There is a stone staircase leading up, spattered with blood here.
You take 11 damage, and have 27/38 hp.
MASSIVE DAMAGE!!
The gnoll hits you with a spear. The gnoll hits you with a spear!
Terence misses you. The gnoll hits you but does no damage.
You climb upwards.
There is a stone staircase leading down here.
You take 14 damage, and have 13/38 hp.
MASSIVE DAMAGE!!
You hit the gnoll. The gnoll hits you with a spear.
* * * LOW HITPOINT WARNING * * *
Your shroud bends the gnoll's attack away.
The gnoll barely misses you.
You take 3 damage, and have 10/38 hp.
You now have 4/8 mp.
You hit the gnoll. The gnoll hits you with a spear!
* * * LOW HITPOINT WARNING * * *
Your shroud bends the gnoll's attack away. x2
You take 7 damage, and have 3/38 hp.
You closely miss the gnoll.
Your shroud unravels.
The gnoll hits you but does no damage. The gnoll hits you with a spear.
You die...

##################
#.................
#.####.......#####
#.# #.......#
#g####...[...#####
#@...........'....
#gg..........#####
#.####.......# #
#.##.........#
#.##.#.#+#####
#.##...#.#
#.####.#.# ####
#........# #...
######.### #...


You could see 3 gnolls.

Vanquished Creatures
  A crimson imp (D:3)
  A worker ant (D:2)
  An adder (D:3)
  An ooze (D:3)
  3 dart slugs
  A leopard gecko (D:2)
  3 orcs (D:3)
  8 bats
  2 giant cockroaches
  3 goblins (D:1)
  5 hobgoblins
  4 jackals
  A quokka (D:2)
  A ball python (D:2)
  4 frilled lizards
  6 kobolds
  3 rats
48 creatures vanquished.

Notes
Turn   | Place    | Note
-------+----------+-------------------------------------------
     0 | D:1      | Firecrotchwizard the Merfolk Skald began the quest for the Orb.
     0 | D:1      | Reached XP level 1. HP: 16/16 MP: 3/3
    56 | D:1      | Reached XP level 2. HP: 22/22 MP: 5/5
    76 | D:1      | Learned a level 2 spell: Shroud of Golubria
   675 | D:1      | Reached XP level 3. HP: 27/27 MP: 6/6
   728 | D:1      | Reached skill level 4 in Polearms
  1134 | D:2      | HP: 6/27 [poisoned by a worker ant]
  1136 | D:2      | Reached XP level 4. HP: 7/33 MP: 0/7
  1140 | D:2      | HP: 5/33 [poisoned by a worker ant]
  1161 | D:2      | HP: 8/33 [leopard gecko (2)]
  1166 | D:2      | HP: 6/33 [leopard gecko (1)]
  1668 | D:3      | Reached skill level 5 in Polearms
  1670 | D:3      | Reached skill level 4 in Charms
  1682 | D:3      | Learned a level 3 spell: Spectral Weapon
  1730 | D:3      | Noticed tarrrat's ghost (amateur KoBe)
  2147 | D:3      | Reached XP level 5. HP: 24/38 MP: 4/8
  2273 | D:3      | Noticed Terence
  2315 | D:2      | Reached skill level 1 in Hexes
  2497 | D:2      | HP: 3/38 [gnoll/spear (7)]
  2498 | D:2      | Slain by a gnoll

Vault maps used:
D:1:      arrival_zaba_pyramid, minmay_distorted
D:2:      first_bread
D:3:      uniq_terence

Skill      XL: |  1  2  3  4  5 |
---------------+----------------+-----
Polearms       | 4 5 |  5.7
Charms         | 4 |  4.2
Hexes          | 1 |  1.0
Fighting       | |  2.3
Armour         | |  0.8
Dodging        | |  2.8
Spellcasting   | |  2.1
Translocations | |  0.2

Action                   |  1- 3 |  4- 6 || total
-------------------------+-------+-------++-------
Melee: Spear             |   136 |    91 ||   227
       Dagger            |       |    21 ||    21
 Cast: Infusion          |     3 |     5 ||     8
       Shroud of Golubri |     3 |     1 ||     4
  Use: Potion            |     1 |     1 ||     2
 Stab: Sleeping          |     2 |       ||     2
  Eat: Chunk             |     1 |     5 ||     6
Armor: Leather armour    |    11 |       ||    11
       Ring mail         |    20 |    45 ||    65
Dodge: Dodged            |    66 |    78 ||   144

Table legend:
 A = Spawn XP
 B = Non-spawn XP
 C = Spawn XP percentage of total XP
 D = Spawn monster count
 E = Non-spawn monster count
 F = Spawn count percentage of total count
 G = Total turns spent on level
                    A         B        C        D         E        F      G
               +---------+---------+-------+---------+---------+-------+---------
         Total |       0 |     186 |   0.0 |       0 |      48 |   0.0 |  2498
               +---------+---------+-------+---------+---------+-------+---------
           D:1 |       0 |      42 |   0.0 |       0 |      23 |   0.0 |  1131
           D:2 |       0 |      55 |   0.0 |       0 |      13 |   0.0 |   816
           D:3 |       0 |      89 |   0.0 |       0 |      12 |   0.0 |   551
               +---------+---------+-------+---------+---------+-------+---------

Vault maps used:
D:1:      arrival_zaba_pyramid, minmay_distorted
D:2:      first_bread
D:3:      uniq_terence

Table legend:
 A = Turns spent in this place as a percentage of turns spent in the entire game.
 B = Non-inter-level travel turns spent in this place as a percentage of non-inter-level travel turns spent in the entire game.
 C = Inter-level travel turns spent in this place as a percentage of turns spent in this place.
 D = Turns resting spent in this place as a percentage of non-inter-level travel turns spent in this place.
 E = Turns spent auto-exploring this place as a percentage of non-inter-level travel turns spent in this place.
 F = Non-inter-level travel turns spent in this place divided by the number of levels of this place that you've seen.
                   A       B       C       D       E      F
               +-------+-------+-------+-------+-------+----------------------
         Total | 100.0 | 100.0 |   5.4 |  34.4 |  41.2 | 787.3
       Dungeon | 100.0 | 100.0 |   5.4 |  34.4 |  41.2 | 787.3
               +-------+-------+-------+-------+-------+----------------------

Table legend:
 A = Kills in this place as a percentage of kills in entire the game.
 B = Kills by you in this place as a percentage of kills by you in the entire game.
 C = Kills by friends in this place as a percentage of kills by friends in the entire game.
 D = Other kills in this place as a percentage of other kills in the entire game.
 E = Experience gained in this place as a percentage of experience gained in the entire game.
 F = Experience gained in this place divided by the number of levels of this place that you have seen.
                   A       B       C       D       E      F
               +-------+-------+-------+-------+-------+----------------------
         Total | 100.0 | 100.0 |   N/A |   N/A | 100.0 |  62.0
       Dungeon | 100.0 | 100.0 |   N/A |   N/A | 100.0 |  62.0
               +-------+-------+-------+-------+-------+----------------------
